TOP OF THE 1ST |
Idaho Falls Chukars batting - Pitching for Los Angeles (NYP) Angels : LHP Si-hun Yi
|
Pitching: LHP Si-hun Yi
|
|
Batting: RHB Ruben Luis
|
0-0: Swinging Strike 0-1: Ground out 6-3 (Groundball, 6S, EV 86.2 MPH)
|
Batting: RHB Mike Bearden
|
0-0: Ball 1-0: Called Strike 1-1: Ball 2-1: Ball 3-1: Foul Ball, location: 2F 3-2: Fly out, F9 (Flyball, 9LS, EV 94.4 MPH)
|
Batting: RHB Carlos Almada
|
0-0: Foul Ball, location: 2F 0-1: Foul Ball, location: 2F 0-2: Foul Ball, location: 2F 0-2: Foul Ball, location: 2F 0-2: Foul Ball, location: 2F 0-2: Ball 1-2: Strikes out swinging
|
Top of the 1st over - 0 runs, 0 hits, 0 errors, 0 left on base; Idaho Falls 0 - Los Angeles (NYP) 0 |
BOTTOM OF THE 1ST |
Los Angeles (NYP) Angels batting - Pitching for Idaho Falls Chukars : RHP Jason Meade
|
Pitching: RHP Jason Meade
|
|
Batting: RHB Dan Burkhart
|
0-0: Fly out, F8 (Flyball, 8LXD, EV 95.0 MPH)
|
Batting: RHB Rory Cobb
|
0-0: Called Strike 0-1: Ground out 6-3 (Groundball, 6, EV 106.2 MPH)
|
Batting: RHB Sean Rocha
|
0-0: Foul Ball, location: 2F 0-1: Called Strike 0-2: Ball 1-2: Ball 2-2: Ball 3-2: Base on Balls
|
Batting: LHB Alberto Carrillo
|
0-0: Called Strike 0-1: Ball 1-1: Ball 2-1: Ball Sean Rocha steals 2nd base 3-1: Single, Error in OF, E7, batter to second base (Groundball, 5D, EV 106.2 MPH) Sean Rocha scores
|
Batting: RHB Phil Knox
|
0-0: Foul Ball, location: 2F 0-1: SINGLE (Line Drive, 9S, EV 103.8 MPH) Alberto Carrillo to third Runner from 3rd tries for Home, throw by RF and OUT! 9-2
|
Bottom of the 1st over - 1 run, 2 hits, 1 error, 1 left on base; Idaho Falls 0 - Los Angeles (NYP) 1 |
TOP OF THE 2ND |
Idaho Falls Chukars batting - Pitching for Los Angeles (NYP) Angels : LHP Si-hun Yi
|
Batting: RHB Jonas Fernandez
|
0-0: Called Strike 0-1: Ball 1-1: Fly out, F4 (Popup, 23, EV 83.8 MPH)
|
Batting: RHB Chance Argy
|
0-0: Called Strike 0-1: Ground out 1-3 (Groundball, P, EV 68.8 MPH)
|
Batting: RHB Bobby Matyas
|
0-0: Ground out 6-3 (Groundball, 6, EV 82.5 MPH)
|
Top of the 2nd over - 0 runs, 0 hits, 0 errors, 0 left on base; Idaho Falls 0 - Los Angeles (NYP) 1 |
BOTTOM OF THE 2ND |
Los Angeles (NYP) Angels batting - Pitching for Idaho Falls Chukars : RHP Jason Meade
|
Batting: LHB Adam Barry
|
0-0: Called Strike 0-1: Ball 1-1: SINGLE (Groundball, 56D, EV 110.6 MPH)
|
Pitching: LHP Hyoji Kawabata
|
|
Batting: RHB Davey Verhoog
|
0-0: Fielders Choice at 2nd, 1-4 (Groundball, 15S, EV 71.2 MPH)
|
Batting: LHB Jamie Diebel
|
0-0: Foul Ball, location: 2F 0-1: Ball 1-1: Called Strike 1-2: Ball 2-2: Foul Ball, location: 2F 2-2: Foul Ball, location: 2F 2-2: Grounds into double play, 4-6-3 (Groundball, 4, EV 82.5 MPH)
|
Bottom of the 2nd over - 0 runs, 1 hit, 0 errors, 0 left on base; Idaho Falls 0 - Los Angeles (NYP) 1 |
TOP OF THE 3RD |
Idaho Falls Chukars batting - Pitching for Los Angeles (NYP) Angels : LHP Si-hun Yi
|
Batting: RHB Jimmy Mayville
|
0-0: Ball 1-0: Ball 2-0: Called Strike 2-1: Foul Ball, location: 2F 2-2: Ball 3-2: Base on Balls
|
Batting: LHB David Bearden
|
0-0: Ball 1-0: Ball 2-0: Ball 3-0: Fielders Choice at 2nd, 5-4 (Groundball, 5, EV 88.1 MPH)
|
Batting: RHB Bill Cranton
|
0-0: Swinging Strike 0-1: Ball 1-1: Foul Ball, location: 2F 1-2: Foul Ball, location: 2F 1-2: Ball 2-2: Strikes out swinging
|
Batting: RHB Ruben Luis
|
0-0: Called Strike 0-1: Called Strike 0-2: SINGLE (Flyball, 7, EV 95.6 MPH) David Bearden to second
|
Batting: RHB Mike Bearden
|
0-0: Ball 1-0: Swinging Strike 1-1: Ground out U3 (Groundball, 34, EV 109.4 MPH)
|
Top of the 3rd over - 0 runs, 1 hit, 0 errors, 2 left on base; Idaho Falls 0 - Los Angeles (NYP) 1 |
BOTTOM OF THE 3RD |
Los Angeles (NYP) Angels batting - Pitching for Idaho Falls Chukars : LHP Hyoji Kawabata
|
Batting: RHB Malachi Ephron
|
0-0: Ball 1-0: Ground out 5-3 (Groundball, 56, EV 101.9 MPH)
|
Batting: RHB Dan Burkhart
|
0-0: Called Strike 0-1: Ball 1-1: Ball 2-1: Ground out 5-3 (Groundball, 56S, EV 88.1 MPH)
|
Batting: RHB Rory Cobb
|
0-0: Ball 1-0: Bunt missed! 1-1: Ball 2-1: Ball 3-1: Foul Ball, location: 2F 3-2: Foul Ball, location: 2F 3-2: Foul Ball, location: 2F 3-2: Base on Balls
|
Pitching: LHP Kentaro Shimasaki
|
|
Batting: RHB Sean Rocha
|
0-0: Fielders Choice at 2nd, 6-4 (Groundball, 6, EV 89.4 MPH)
|
Bottom of the 3rd over - 0 runs, 0 hits, 0 errors, 1 left on base; Idaho Falls 0 - Los Angeles (NYP) 1 |
TOP OF THE 4TH |
Idaho Falls Chukars batting - Pitching for Los Angeles (NYP) Angels : LHP Si-hun Yi
|
Batting: RHB Carlos Almada
|
0-0: Ball 1-0: Swinging Strike 1-1: Ball 2-1: Foul Ball, location: 2F 2-2: Foul Ball, location: 2F 2-2: Foul Ball, location: 2F 2-2: Ball 3-2: Foul Ball, location: 2F 3-2: Base on Balls
|
Batting: RHB Jonas Fernandez
|
0-0: Swinging Strike 0-1: Foul Ball, location: 2F 0-2: Foul Ball, location: 2F 0-2: SINGLE (Flyball, 89S, EV 88.8 MPH) Carlos Almada to second
|
Batting: RHB Chance Argy
|
0-0: Ball 1-0: Ball 2-0: Ball 3-0: Base on Balls Carlos Almada to third Jonas Fernandez to second
|
Batting: RHB Bobby Matyas
|
0-0: Ball 1-0: Ball 2-0: Called Strike 2-1: Foul Ball, location: 2F 2-2: Ball 3-2: SINGLE (Groundball, 6D, EV 100.6 MPH) Carlos Almada scores Jonas Fernandez to third Chance Argy to second
|
Batting: RHB Jimmy Mayville
|
0-0: Ball 1-0: Ball 2-0: Foul Ball, location: 2F 2-1: Ball 3-1: Called Strike 3-2: SINGLE (Line Drive, 89S, EV 103.1 MPH) Jonas Fernandez scores Chance Argy to third Bobby Matyas to second
|
Batting: LHB David Bearden
|
0-0: Ball 1-0: Fly out, F9 (Flyball, 89M, EV 75.0 MPH) Runner from 3rd tags up, SCORES, throw by RF Bobby Matyas to third
|
Batting: RHB Bill Cranton
|
0-0: Ball 1-0: Ball 2-0: Fly out, F7 (Flyball, 7D, EV 102.5 MPH) Runner from 3rd tags up, SCORES, throw by LF
|
Pitching: RHP Owen Prouty
|
|
Batting: RHB Ruben Luis
|
0-0: Swinging Strike 0-1: DOUBLE (Flyball, 78D, EV 111.9 MPH) Jimmy Mayville to third
|
Batting: RHB Mike Bearden
|
0-0: Called Strike 0-1: Ball Wild Pitch! Jimmy Mayville scores Ruben Luis to third 1-1: Ball 2-1: Foul Ball, location: 2F 2-2: SINGLE (Line Drive, 56D, EV 108.1 MPH) Ruben Luis scores
|
Batting: RHB Carlos Almada
|
0-0: Ball 1-0: Ball Mike Bearden is caught stealing 2nd base 2-4
|
Top of the 4th over - 6 runs, 5 hits, 0 errors, 0 left on base; Idaho Falls 6 - Los Angeles (NYP) 1 |
BOTTOM OF THE 4TH |
Los Angeles (NYP) Angels batting - Pitching for Idaho Falls Chukars : LHP Kentaro Shimasaki
|
Batting: LHB Alberto Carrillo
|
0-0: Ball 1-0: Ground out 3-1 (Groundball, 34, EV 108.8 MPH)
|
Batting: RHB Phil Knox
|
0-0: Ball 1-0: Swinging Strike 1-1: Ball 2-1: Swinging Strike 2-2: Ball 3-2: Ground out 5-3 (Groundball, 56, EV 86.2 MPH)
|
Batting: LHB Adam Barry
|
0-0: Foul Ball, location: 2F 0-1: Ball 1-1: Foul Ball, location: 2F 1-2: Foul Ball, location: 2F 1-2: Ball 2-2: Strikes out swinging
|
Bottom of the 4th over - 0 runs, 0 hits, 0 errors, 0 left on base; Idaho Falls 6 - Los Angeles (NYP) 1 |
TOP OF THE 5TH |
Idaho Falls Chukars batting - Pitching for Los Angeles (NYP) Angels : RHP Owen Prouty
|
Batting: RHB Carlos Almada
|
0-0: Called Strike 0-1: Ground out 6-3 (Groundball, 6, EV 95.6 MPH)
|
Batting: RHB Jonas Fernandez
|
0-0: Called Strike 0-1: Swinging Strike 0-2: Ball 1-2: Strikes out swinging
|
Batting: RHB Chance Argy
|
0-0: Swinging Strike 0-1: Foul Ball, location: 2F 0-2: Ball 1-2: Foul Ball, location: 2F 1-2: Strikes out swinging
|
Top of the 5th over - 0 runs, 0 hits, 0 errors, 0 left on base; Idaho Falls 6 - Los Angeles (NYP) 1 |
BOTTOM OF THE 5TH |
Los Angeles (NYP) Angels batting - Pitching for Idaho Falls Chukars : LHP Kentaro Shimasaki
|
Batting: RHB Davey Verhoog
|
0-0: Foul Ball, location: 2F 0-1: Foul Ball, location: 2F 0-2: Ball 1-2: Ball 2-2: Fly out, F8 (Flyball, 8RD, EV 78.1 MPH)
|
Pitching: LHP Dustin Waller
|
|
Batting: LHB Jamie Diebel
|
0-0: Ground out 4-3 (Groundball, 4, EV 86.9 MPH)
|
Batting: RHB Malachi Ephron
|
0-0: Swinging Strike 0-1: Ball 1-1: Hit by Pitch
|
Batting: RHB Dan Burkhart
|
0-0: Ball 1-0: Foul Ball, location: 2F 1-1: Ball 2-1: SINGLE (Groundball, 34S, EV 68.1 MPH) (infield hit) Malachi Ephron to second
|
Batting: RHB Rory Cobb
|
0-0: Ball 1-0: Swinging Strike 1-1: Ball 2-1: Ball 3-1: Base on Balls Malachi Ephron to third Dan Burkhart to second
|
Batting: RHB Sean Rocha
|
0-0: Called Strike 0-1: Ball 1-1: Ball 2-1: Foul Ball, location: 2F 2-2: Foul Ball, location: 2F 2-2: Ball 3-2: Base on Balls Malachi Ephron scores Dan Burkhart to third Rory Cobb to second
|
Pitching: RHP Jim Haggart
|
|
Batting: LHB Alberto Carrillo
|
0-0: Ball 1-0: DOUBLE (Flyball, 8LXD, EV 100.0 MPH) Dan Burkhart scores Rory Cobb scores Sean Rocha to third Runner from 3rd tries for Home, SAFE, throw by CF to trailing runner, SAFE at third!
|
Batting: RHB Phil Knox
|
0-0: Swinging Strike 0-1: Foul Ball, location: 2F 0-2: Strikes out looking
|
Bottom of the 5th over - 4 runs, 2 hits, 0 errors, 1 left on base; Idaho Falls 6 - Los Angeles (NYP) 5 |
TOP OF THE 6TH |
Idaho Falls Chukars batting - Pitching for Los Angeles (NYP) Angels : RHP Owen Prouty
|
Batting: RHB Bobby Matyas
|
0-0: Foul Ball, location: 2F 0-1: Ball 1-1: Ball 2-1: Ground out 4-3 (Groundball, 34D, EV 80.6 MPH)
|
Batting: RHB Jimmy Mayville
|
0-0: Called Strike 0-1: Ball 1-1: Swinging Strike 1-2: Strikes out swinging
|
Batting: LHB David Bearden
|
0-0: Called Strike 0-1: Ball 1-1: Ball 2-1: Foul Ball, location: 2F 2-2: Foul Ball, location: 2F 2-2: Strikes out swinging
|
Top of the 6th over - 0 runs, 0 hits, 0 errors, 0 left on base; Idaho Falls 6 - Los Angeles (NYP) 5 |
BOTTOM OF THE 6TH |
Los Angeles (NYP) Angels batting - Pitching for Idaho Falls Chukars : RHP Jim Haggart
|
Batting: LHB Adam Barry
|
0-0: Ball 1-0: Ball 2-0: Ball 3-0: Called Strike 3-1: Fly out, F9 (Line Drive, 9S, EV 98.1 MPH)
|
Batting: RHB Davey Verhoog
|
0-0: Ball 1-0: Ball 2-0: SINGLE (Line Drive, 34D, EV 95.0 MPH)
|
Batting: LHB Jamie Diebel
|
0-0: Ball 1-0: Called Strike Davey Verhoog is caught stealing 2nd base 2-6 1-1: Swinging Strike 1-2: SINGLE (Groundball, 56D, EV 110.0 MPH)
|
Batting: RHB Malachi Ephron
|
0-0: Called Strike 0-1: Ball 1-1: Swinging Strike 1-2: Ball 2-2: Ball 3-2: Base on Balls Jamie Diebel to second
|
Pitching: RHP Bryan Kiefer
|
|
Batting: RHB Dan Burkhart
|
0-0: Fielders Choice at 2nd, U6 (Groundball, 6M, EV 87.5 MPH)
|
Bottom of the 6th over - 0 runs, 2 hits, 0 errors, 2 left on base; Idaho Falls 6 - Los Angeles (NYP) 5 |
TOP OF THE 7TH |
Idaho Falls Chukars batting - Pitching for Los Angeles (NYP) Angels : RHP Owen Prouty
|
Batting: RHB Bill Cranton
|
0-0: Ball 1-0: Foul Ball, location: 2F 1-1: Ball 2-1: Called Strike 2-2: Foul Ball, location: 2F 2-2: Ball 3-2: Ground out 5-3 (Groundball, 56, EV 76.2 MPH)
|
Batting: RHB Ruben Luis
|
0-0: Called Strike 0-1: Ground out 3-1 (Groundball, 34S, EV 80.6 MPH)
|
Batting: RHB Mike Bearden
|
0-0: Fly out, F8 (Flyball, 8LD, EV 99.4 MPH)
|
Top of the 7th over - 0 runs, 0 hits, 0 errors, 0 left on base; Idaho Falls 6 - Los Angeles (NYP) 5 |
BOTTOM OF THE 7TH |
Los Angeles (NYP) Angels batting - Pitching for Idaho Falls Chukars : RHP Bryan Kiefer
|
Batting: RHB Rory Cobb
|
0-0: Foul Ball, location: 2F 0-1: Called Strike 0-2: Ball 1-2: Ball 2-2: Ball 3-2: Base on Balls
|
Batting: RHB Sean Rocha
|
0-0: Ball 1-0: Ball Rory Cobb steals 2nd base 2-0: Ball 3-0: Called Strike 3-1: Called Strike 3-2: Foul Ball, location: 2F 3-2: SINGLE (Line Drive, 7S, EV 99.4 MPH) Rory Cobb to third
|
Batting: LHB Alberto Carrillo
|
0-0: Ball 1-0: Ball 2-0: Ball 3-0: Called Strike 3-1: Base on Balls Sean Rocha to second
|
Pitching: RHP Francisco Reyes
|
|
Batting: RHB Phil Knox
|
0-0: Foul Ball, location: 2F 0-1: Ball Wild Pitch! Rory Cobb scores Sean Rocha to third Alberto Carrillo to second 1-1: Ground out 6-3 (Groundball, 6, EV 80.6 MPH)
|
Batting: LHB Adam Barry
|
0-0: Ball 1-0: Ball 2-0: Called Strike 2-1: Swinging Strike 2-2: Ball 3-2: Foul Ball, location: 2F 3-2: Foul Ball, location: 2F 3-2: Base on Balls
|
Batting: RHB Davey Verhoog
|
0-0: Ball 1-0: SINGLE (Line Drive, 3D, EV 93.8 MPH) Sean Rocha scores Alberto Carrillo to third Adam Barry to second Runner from 3rd tries for Home, SAFE, throw by RF to home
|
Batting: LHB Jamie Diebel
|
0-0: Ball 1-0: Ball 2-0: Ball 3-0: Base on Balls Adam Barry to third Davey Verhoog to second
|
Batting: RHB Malachi Ephron
|
0-0: Called Strike 0-1: Called Strike 0-2: Ball Wild Pitch! Adam Barry scores Davey Verhoog to third Jamie Diebel to second 1-2: Ball 2-2: Strikes out swinging
|
Pitching: RHP Mike Valdez
|
|
Batting: RHB Dan Burkhart
|
0-0: Foul Ball, location: 2F 0-1: Swinging Strike 0-2: Ball 1-2: Foul Ball, location: 2F 1-2: Foul Ball, location: 2F 1-2: Ball 2-2: Strikes out swinging
|
Bottom of the 7th over - 4 runs, 2 hits, 0 errors, 2 left on base; Idaho Falls 6 - Los Angeles (NYP) 9 |
TOP OF THE 8TH |
Idaho Falls Chukars batting - Pitching for Los Angeles (NYP) Angels : RHP Owen Prouty
|
Batting: RHB Carlos Almada
|
0-0: Called Strike 0-1: Foul Ball, location: 2F 0-2: Ball 1-2: Ball 2-2: Foul Ball, location: 2F 2-2: Ball 3-2: Foul Ball, location: 2F 3-2: Foul Ball, location: 2F 3-2: Fly out, F8 (Flyball, 8RD, EV 101.2 MPH)
|
Pitching: LHP Tyler MacLean
|
|
Batting: RHB Jonas Fernandez
|
0-0: Called Strike 0-1: Ball 1-1: Swinging Strike 1-2: Foul Ball, location: 2F 1-2: Strikes out swinging
|
Batting: RHB Chance Argy
|
0-0: Ball 1-0: Called Strike 1-1: Swinging Strike 1-2: Foul Ball, location: 2F 1-2: Strikes out swinging
|
Top of the 8th over - 0 runs, 0 hits, 0 errors, 0 left on base; Idaho Falls 6 - Los Angeles (NYP) 9 |
BOTTOM OF THE 8TH |
Los Angeles (NYP) Angels batting - Pitching for Idaho Falls Chukars : RHP Mike Valdez
|
Batting: RHB Rory Cobb
|
0-0: Ball 1-0: Foul Ball, location: 2F 1-1: Ball 2-1: Ground out 4-3 (Groundball, 4S, EV 83.1 MPH)
|
Batting: RHB Sean Rocha
|
0-0: Ball 1-0: Ball 2-0: Called Strike 2-1: Called Strike 2-2: SOLO HOME RUN (Flyball, 7LD, EV 96.2 MPH), Distance : 359 ft
|
Batting: LHB Alberto Carrillo
|
0-0: Ball 1-0: Foul Ball, location: 2F 1-1: Foul Ball, location: 2F 1-2: Ball 2-2: SINGLE (Groundball, 5L, EV 83.8 MPH) (infield hit)
|
Pitching: LHP Bin Ya
|
|
Batting: RHB Phil Knox
|
0-0: Ball 1-0: Ball 2-0: Ball 3-0: Called Strike 3-1: Base on Balls Alberto Carrillo to second
|
Batting: LHB Adam Barry
|
0-0: Ball 1-0: Ball 2-0: Ball 3-0: Base on Balls Alberto Carrillo to third Phil Knox to second
|
Batting: RHB Davey Verhoog
|
0-0: Ball 1-0: Swinging Strike 1-1: Ball 2-1: Ball 3-1: Called Strike 3-2: Base on Balls Alberto Carrillo scores Phil Knox to third Adam Barry to second
|
Batting: LHB Jamie Diebel
|
0-0: Ball 1-0: Ball 2-0: Called Strike 2-1: Ball 3-1: Called Strike 3-2: Strikes out swinging
|
Batting: RHB Malachi Ephron
|
0-0: Ball 1-0: Ball 2-0: Foul Ball, location: 2F 2-1: SINGLE (Line Drive, 4D, EV 95.0 MPH) Phil Knox scores Adam Barry to third Davey Verhoog to second
|
Batting: RHB Dan Burkhart
|
0-0: Ball Wild Pitch! Adam Barry scores Davey Verhoog to third Malachi Ephron to second 1-0: 3-RUN HOME RUN (Line Drive, 7LD, EV 98.1 MPH), Distance : 369 ft
|
Pitching: LHP Vicente Hernandez
|
|
Batting: RHB Rory Cobb
|
0-0: Ball 1-0: Ground out 6-3 (Groundball, 6M, EV 78.8 MPH)
|
Bottom of the 8th over - 7 runs, 4 hits, 0 errors, 0 left on base; Idaho Falls 6 - Los Angeles (NYP) 16 |
TOP OF THE 9TH |
Idaho Falls Chukars batting - Pitching for Los Angeles (NYP) Angels : LHP Tyler MacLean
|
Batting: RHB Bobby Matyas
|
0-0: Foul Ball, location: 2F 0-1: Foul Ball, location: 2F 0-2: Ball 1-2: Ball 2-2: Ball 3-2: Ground out 6-3 (Groundball, 6, EV 86.2 MPH)
|
Batting: RHB Jimmy Mayville
|
0-0: Called Strike 0-1: Ball 1-1: Foul Ball, location: 2F 1-2: Strikes out swinging
|
Pinch Hitting: RHB Trevor Kingston
|
0-0: Ball 1-0: Foul Ball, location: 2F 1-1: Ball 2-1: Foul Ball, location: 2F 2-2: Reached on error, E6 (Groundball, 6, EV 99.4 MPH)
|
Batting: RHB Bill Cranton
|
0-0: Ground out 4-3 (Groundball, 4, EV 101.9 MPH)
|
Top of the 9th over - 0 runs, 0 hits, 1 error, 1 left on base; Idaho Falls 6 - Los Angeles (NYP) 16 |
|